 Dungeon Crawl Stone Soup version 0.26-a0-652-gafc20e3620 (webtiles) character file.

Game seed: 10511357618892992038

2104411 looop the Slayer (level 26, 261/268 HPs)
             Began as a Deep Dwarf Fighter on Oct 2, 2020.
             Was the Champion of Makhleb.
             Escaped with the Orb
             ... and 3 runes!
             The game lasted 01:56:43 (44951 turns).

looop the Slayer (Deep Dwarf Fighter)              Turns: 44951, Time: 01:56:44

Health: 261/268    AC: 40    Str: 28    XL:     26   Next: 27%
Magic:  36/36 (27) EV: 19    Int:  9    God:    Makhleb [******]
Gold:   1608       SH: 17    Dex: 16    Spells: 25/25 levels left

rFire    + + +     SeeInvis +   a - +9 broad axe (vorpal)
rCold    + + +     Faith    .   r - +3 warlock's mirror {reflect}
rNeg     + + .     Spirit   .   d - +1 gold dragon scales
rPois    +         Reflect  +   o - +2 helmet {SInv}
rElec    .         Harm     .   c - +2 cloak {rPois}
rCorr    .         Rampage  .   w - +2 pair of gloves
MR       +++..                  N - +2 pair of boots {run}
Stlth    ..........             I - amulet of reflection
HPRegen  0.00/turn              F - ring "Xismoo" {rF+ rC+ rN+ MP+9}
MPRegen  0.25/turn              S - ring "Poataery" {rF+ rC+}

@: non-regenerating, quick
A: damage resistance, heal wounds, negative energy resistance 1, sense
surroundings 3, no regeneration
0: Orb of Zot
}: 3/15 runes: decaying, silver, gossamer
a: Heal Wounds, Minor Destruction, Lesser Servant of Makhleb, Major Destruction,
Greater Servant of Makhleb, Renounce Religion


You escaped.
You worshipped Makhleb.
Makhleb was exalted by your worship.
You visited 9 branches of the dungeon, and saw 47 of its levels.
You visited the Abyss 1 time.
You also visited: Trove and Gauntlet.

You collected 7863 gold pieces.
You spent 6255 gold pieces at shops.

Inventory:

Hand Weapons
 a - a +9 vorpal broad axe (weapon)
 b - a +1 broad axe of holy wrath
Armour
 c - a +2 cloak of poison resistance (worn)
 d - +1 gold dragon scales (worn)
 o - a +2 helmet of see invisible (worn)
 r - the +3 warlock's mirror (worn) {reflect}
   (You bought it in a shop on level 12 of the Dungeon)
 w - a +2 pair of gloves (worn)
 N - a +2 pair of boots of running (worn)
Jewellery
 n - an uncursed ring of resist corrosion
 F - the ring "Xismoo" (left hand) {rF+ rC+ rN+ MP+9}
   (You found it in a treasure trove)

   [ring of magical power]

   It protects you from fire.
   It protects you from cold.
   It protects you from negative energy.
   It affects your magic capacity (+9).
 I - an amulet of reflection (around neck)
 R - the ring of Departure {+Fly rPois rC- Dex+2 Stlth+}
   (You found it in a treasure trove)

   [ring of stealth]

   It affects your dexterity (+2).
   It makes you vulnerable to cold.
   It protects you from poison.
   It lets you fly.
   It makes you more stealthy.
 S - the ring "Poataery" (right hand) {rF+ rC+}
   (You found it in a treasure trove)

   [ring of protection from fire]

   It protects you from fire.
   It protects you from cold.
Wands
 K - a wand of acid (29)
 M - a wand of digging (31)
Scrolls
 f - 8 scrolls of immolation
 g - 11 scrolls of fog
 i - 15 scrolls of teleportation
 p - 6 scrolls of amnesia
 s - 24 scrolls of remove curse
 B - 8 scrolls of blinking
 G - 2 scrolls of magic mapping
 H - 9 scrolls of fear
 J - a scroll of identify
 L - 2 scrolls of holy word
 T - 3 scrolls of silence
 W - 3 scrolls of summoning
 X - 3 scrolls of vulnerability
Potions
 e - 11 potions of stabbing
 h - 4 potions of invisibility
 j - 6 potions of brilliance
 k - 23 potions of curing
 l - 10 potions of heal wounds
 m - 6 potions of mutation
 q - 6 potions of berserk rage
 t - 10 potions of ambrosia
 u - 2 potions of magic
 z - 4 potions of haste
 C - 5 potions of lignification
 D - a potion of cancellation
 E - 6 potions of might
 O - 7 potions of flight
Miscellaneous
 A - a tin of tremorstones (3/3)
 P - a phantom mirror
 Q - a box of beasts (3/3)
 U - a phial of floods
 Y - a condenser vane (2/2)
 Z - a lightning rod (4/4)


   Skills:
 + Level 22.0 Fighting
 - Level 20.0 Axes
 + Level 21.0 Armour
 + Level 21.0 Dodging
 + Level 19.1 Shields
 - Level 15.0 Invocations
 - Level 15.0 Evocations


You had 25 spell levels left.
You didn't know any spells.
Your spell library contained the following spells:

 Spells                   Type           Power        Failure   Level
 Animate Skeleton         Necr           #.....       99%         1
 Apportation              Tloc           #.....       99%         1
 Corona                   Hex            #......      99%         1
 Foxfire                  Conj/Fire      #...         99%         1
 Freeze                   Ice            #...         99%         1
 Magic Dart               Conj           #...         99%         1
 Pain                     Necr           #...         99%         1
 Sandblast                Erth           #.....       99%         1
 Shock                    Conj/Air       #...         99%         1
 Summon Small Mammal      Summ           #...         99%         1
 Blink                    Tloc           N/A          100%        2
 Call Imp                 Summ           #.......     100%        2
 Corpse Rot               Necr/Air       N/A          100%        2
 Ensorcelled Hibernation  Hex/Ice        #.....       100%        2
 Passwall                 Tmut/Erth      #.......     100%        2
 Slow                     Hex            #.......     100%        2
 Sublimation of Blood     Necr           #.........   100%        2
 Swiftness                Air            #.......     100%        2
 Call Canine Familiar     Summ           #.......     100%        3
 Conjure Flame            Conj/Fire      #.......     100%        3
 Dazzling Flash           Conj/Hex       #.....       100%        3
 Frozen Ramparts          Ice            #.....       100%        3
 Gell's Gravitas          Tloc           #.........   100%        3
 Inner Flame              Hex/Fire       #.......     100%        3
 Lesser Beckoning         Tloc           #.........   100%        3
 Mephitic Cloud           Conj/Pois/Air  #.......     100%        3
 Ozocubu's Armour         Ice            #.......     100%        3
 Portal Projectile        Hex/Tloc       #.....       100%        3
 Static Discharge         Conj/Air       #.......     100%        3
 Stone Arrow              Conj/Erth      #.....       100%        3
 Summon Guardian Golem    Hex/Summ       #.......     100%        3
 Teleport Other           Tloc           #.......     100%        3
 Tukima's Dance           Hex            #.......     100%        3
 Vampiric Draining        Necr           #.........   100%        3
 Airstrike                Air            #.........   100%        4
 Animate Dead             Necr           #.........   100%        4
 Cause Fear               Hex            #.........   100%        4
 Dispel Undead            Necr           #.......     100%        4
 Hailstorm                Conj/Ice       #.......     100%        4
 Leda's Liquefaction      Hex/Erth       #.........   100%        4
 Passage of Golubria      Tloc           N/A          100%        4
 Petrify                  Tmut/Erth      #.......     100%        4
 Sticky Flame             Conj/Fire      #.......     100%        4
 Summon Ice Beast         Ice/Summ       #.......     100%        4
 Summon Lightning Spire   Summ/Air       #.......     100%        4
 Agony                    Necr           #.......     100%        5
 Alistair's Intoxication  Tmut/Pois      #........    100%        5
 Bolt of Magma            Conj/Fire/Erth #.........   100%        5
 Borgnjor's Vile Clutch   Necr/Erth      #.........   100%        5
 Excruciating Wounds      Necr           #.........   100%        5
 Fireball                 Conj/Fire      #.........   100%        5
 Lee's Rapid Deconstruct  Erth           #.........   100%        5
 Lightning Bolt           Conj/Air       #.........   100%        5
 Metabolic Englaciation   Hex/Ice        #.........   100%        5
 Silence                  Hex/Air        #.........   100%        5
 Summon Forest            Summ/Tloc      #.........   100%        5
 Dispersal                Tloc           #.........   100%        6
 Eringya's Noxious Bog    Tmut/Pois      #.........   100%        6
 Hydra Form               Tmut           #.........   100%        6
 Invisibility             Hex            #.......     100%        6
 Iron Shot                Conj/Erth      #.........   100%        6
 Shadow Creatures         Summ           N/A          100%        6
 Statue Form              Tmut/Erth      #........    100%        6
 Summon Hydra             Summ           #.........   100%        7
 Discord                  Hex            #.........   100%        8
 Disjunction              Tloc           #.........   100%        8
 Ignition                 Fire           #.........   100%        8
 Shatter                  Erth           #.........   100%        9
 Tornado                  Air            #.........   100%        9


Dungeon Overview and Level Annotations

Branches:
Dungeon (15/15)            Temple (1/1) D:4            Lair (6/6) D:8
  Swamp (4/4) Lair:2       Spider (4/4) Lair:2        Slime (0/5) Lair:5
    Orc (2/2) D:11            Elf (0/3) Orc:2        Vaults (5/5) D:14
  Crypt (0/3) Vaults:2     Depths (5/5) D:15            Zot (5/5) Depths:5
Gauntlet (visited)

Altars:
Ashenzari
Cheibriados
Dithmenos
Elyvilon
Fedhas
Gozag
Hepliaklqana
Kikubaaqudgha
Makhleb
Nemelex Xobeh
Okawaru
Qazlal
Ru
Sif Muna
Trog
Uskayaw
Vehumet
Wu Jian
Xom
Yredelemnul
Zin
The Shining One
Beogh

Shops:
D:4 [   D:8 [   D:9 [   D:12 [   D:13 :   Orc:2 ?}[::!=   Vaults:3 *   Zot:5 *
Depths:1 *   Depths:4 =}=

Portals:
Hell: Depths:1 Depths:2 Depths:3 Depths:4 Depths:5
Abyss: Depths:4
Pandemonium: Depths:3
Ziggurat: Depths:4

Annotations:
Lair:2 3 runed translucent doors, Xudgha's ghost, journeyman MiFi


Innate Abilities, Weirdness & Mutations

You are resistant to damage.
You can heal yourself by infusing magical energy.
You resist negative energy. (rN+)
You passively map a large area around you.
You do not regenerate.


Message History

The hell hog breathes fire at you.
The fireball explodes!
The fireball engulfs you. You resist. The hell hog breathes fire at you.
The fireball explodes!
The fireball engulfs the hell hog!
The hell hog resists.
The fireball engulfs you but does no damage.
You resist. You block the hell hog's attack. The hell hog breathes fire at you.
The fireball explodes!
The fireball engulfs you. You resist.
The tree burns like a torch!
You are engulfed in blazing flames.
You resist.
You are engulfed in blazing flames.
You resist.
The forest fire spreads!
There is a staircase leading out of the dungeon here.
You are engulfed in blazing flames.
You resist.
The hell hog is engulfed in a forest fire.
The hell hog bites you but does no damage.
The hell hog is engulfed in blazing flames.
The hell hog is engulfed in a forest fire.
You block the hell hog's attack.
You have escaped! ♣♣♣♣♣♣♣♣♣ ♣..(....♣ ♣.PPPPP.♣

♣.P≈≈≈P.♣###############
♣.P≈8≈P.♣#..............
♣.P≈≈≈P.♣#.##.###.######
♣.PPPPP.♣#.##.# #.# ###.
♣.°§§§§@♣#h##.# #.# #...
♣♣♣§§hh♣♣#.##'###'###...
###§####.#........#...
#...h..#............
###.####..........#.
#...####........#.#.
###.#.....###...###.#.
#...........+...# #.#.
#.........###...###.#.


You could see 2 hell hogs.

Vanquished Creatures
  2 orbs of fire (Zot:5)
  4 ancient liches
  Mara (Spider:3)
  A juggernaut (Depths:5)
  Bai Suzhen (Vaults:3)
  the Lernaean hydra (Swamp:4)
  Xtahua (Depths:5)
  2 caustic shrikes
  8 golden dragons
  Nikola (Spider:3)
  A bone dragon (Vaults:2)
  7 liches
  Jorgrun (Swamp:1)
  Rupert (D:14)
  5 tentacled monstrosities
  2 quicksilver dragons
  4 titans
  20 Orb Guardians
  Asterion (Lair:2)
  2 Executioners
  3 sphinxes
  2 death cobs (Zot:3)
  2 thorn hunters
  8 tengu reavers
  11 shadow dragons
  Kirke (Swamp:1)
  5 draconian monks
  9 storm dragons
  Donald (Spider:3)
  11 frost giants
  Louise (Spider:4)
  9 fire giants
  4 deep elf sorcerers
  24 vault wardens
  An iron dragon (Depths:4)
  4 ghost moths
  Aizul (Spider:2)
  8 emperor scorpions
  A draconian scorcher (Zot:3)
  4 draconian shifters
  A spriggan defender (Depths:4)
  8 draconian annihilators
  3 deep elf elementalists (Vaults:5)
  3 draconian stormcallers
  3 war gargoyles
  A stone giant (shapeshifter) (Vaults:5)
  3 entropy weavers
  13 very ugly things
  18 ironheart preservers
  3 vampire knights
  7 green draconians
  3 deep elf demonologists
  20 stone giants
  A lorocyproca (D:7)
  7 black draconians
  11 white draconians
  A minotaur (Gauntlet)
  3 deep elf annihilators
  9 purple draconians
  7 yellow draconians
  16 spark wasps
  12 red draconians
  4 deep elf death magi (Vaults:5)
  7 fire dragons
  A green death (Depths:3)
  A crystal guardian (Vaults:3)
  9 ettins
  Josephine (Lair:6)
  6 great orbs of eyes
  10 rakshasas
  25 yaktaur captains
  Harold (D:11)
  28 hydras
  Erolcha (Orc:2)
  38 vault guards
  A catoblepas (Lair:4)
  10 ice dragons
  2 ghost crabs
  2 spriggan air magi (Depths:5)
  3 death knights
  28 two-headed ogres
  4 shambling mangroves
  16 centaur warriors
  15 deep troll shamans
  7 alligators
  8 ogre magi
  An alligator (shapeshifter) (Vaults:4)
  3 dancing weapons (Vaults:5)
  A vampire mage (Depths:4)
  5 deep troll earth magi
  11 death yaks
  10 spriggan berserkers
  8 tengu warriors
  A thrashing horror (Abyss:1)
  Urug (Lair:2)
  7 deep elf knights
  A soul eater (D:4)
  Sonja (Lair:5)
  A shock serpent (shapeshifter) (Vaults:4)
  Nergalle (Orc:2)
  A fire crab (Lair:6)
  6 iron trolls
  2 shadow wraiths (Vaults:4)
  A salamander mystic (Depths:5)
  2 sixfirhies
  6 skeletal warriors
  9 flayed ghosts
  An unseen horror (D:10)
  2 unseen horrors (shapeshifter)
  2 death drakes (Depths:5)
  9 swamp dragons
  11 deep elf archers
  2 infernal demonspawn (D:4)
  36 deep trolls
  A swamp dragon (shapeshifter) (Vaults:3)
  A gelid demonspawn (Depths:3)
  3 spriggan druids
  A sea snake (shapeshifter) (Depths:3)
  6 wizards
  4 phantasmal warriors
  3 glowing orange brains
  Pikel (D:5)
  6 harpies (Vaults:1)
  5 lindwurms (Depths:5)
  16 ironbrand convokers
  15 deep elf magi
  13 orc knights
  37 wolf spiders
  A necromancer (Depths:1)
  24 orb spiders
  11 orc sorcerers
  3 cyclopes
  A salamander (shapeshifter) (Depths:2)
  38 ugly things
  13 moths of wrath
  3 salamanders
  4 manticores
  11 vault sentinels
  A guardian serpent (shapeshifter) (Depths:1)
  9 apocalypse crabs (Depths:4)
  Joseph (D:8)
  A smoke demon (Depths:3)
  5 black mambas
  A black mamba (shapeshifter) (Vaults:1)
  A gargoyle (D:15)
  37 cane toads
  A hellion (D:15)
  4 kobold demonologists
  89 yaktaurs
  A rime drake (shapeshifter) (Vaults:1)
  10 komodo dragons
  11 rime drakes
  10 freezing wraiths
  22 demonic crawlers
  A red devil (Depths:5)
  8 tengu conjurers
  2 ice devils
  14 trolls
  33 jumping spiders
  2 polar bears (Lair:6)
  A wind drake (shapeshifter) (Depths:1)
  22 hornets
  A merfolk (shapeshifter) (Vaults:5)
  14 tyrant leeches
  7 dream sheep (Lair:6)
  16 hippogriffs
  4 wind drakes (Depths:5)
  A dream sheep (shapeshifter) (Vaults:5)
  7 bog bodies
  42 slime creatures
  21 blink frogs
  14 flying skulls (Gauntlet)
  79 redbacks
  33 tarantellas
  8 water elementals
  13 spriggans
  3 shadows
  16 wyverns
  Sigmund (D:4)
  2 spriggans (shapeshifter)
  10 wraiths
  26 yaks
  18 basilisks
  2 golden eyes (shapeshifter)
  19 vampire mosquitoes
  A neqoxec (Zot:1)
  4 hogs (Swamp:1)
  2 wargs
  A harpy simulacrum (Vaults:1)
  A swamp worm (shapeshifter) (Vaults:2)
  13 swamp worms
  A naga (shapeshifter) (D:13)
  2 soldier ants (D:11)
  9 insubstantial wisps
  6 large abominations
  An acid dragon (D:13)
  11 water moccasins
  An ice beast (shapeshifter) (Vaults:5)
  35 orc warriors
  A floating eye (Depths:4)
  12 porcupines
  15 swamp drakes
  8 sky beasts
  2 sky beasts (shapeshifter)
  33 ogres
  An eye of draining (D:14)
  2 phantoms
  A small abomination (Abyss:1)
  5 ice beasts
  6 black bears
  An eye of draining (shapeshifter) (Depths:3)
  8 boggarts
  8 necrophages
  A wolf (Lair:3)
  32 centaurs
  14 crocodiles
  5 big kobolds
  An elf zombie (D:7)
  26 bullfrogs
  A wyvern zombie (D:13)
  A hornet simulacrum (D:15)
  A wyvern skeleton (D:11)
  7 scorpions
  A troll zombie (D:7)
  55 killer bees
  19 wights
  6 howler monkeys
  5 electric eels
  A crimson imp (Spider:3)
  A bullfrog zombie (D:7)
  2 quasits
  8 centaur zombies
  10 orc priests
  6 jellies
  7 hounds
  3 human zombies (D:7)
  6 bullfrog skeletons
  3 centaur skeletons
  A human skeleton (D:7)
  46 orc wizards
  4 iguanas
  8 worker ants
  6 hell rats (Lair:6)
  A killer bee zombie (D:5)
  An ogre zombie (D:7)
  2 hound zombies (D:6)
  3 hound skeletons
  2 mummies (D:7)
  Robin (D:2)
  5 gnolls
  15 adders
  2 shadow imps
  5 white imps
  2 oozes
  4 ufetubi
  2 adder skeletons
  A dart slug (D:2)
  3 worms
  6 leopard geckos
  111 orcs
  6 giant cockroaches
  11 goblins
  10 hobgoblins
  14 jackals
  8 quokkas
  9 bats
  4 frilled lizards
  13 kobolds
  A leopard gecko zombie (D:7)
  A quokka skeleton (D:4)
  A quokka zombie (D:7)
  6 rats
  2 crawling corpses (Vaults:5)
2294 creatures vanquished.

Vanquished Creatures (collateral kills)
  A juggernaut (Zot:5)
  A Killer Klown (Zot:5)
  Arachne (Spider:2)
  An electric golem (Zot:5)
  A tentacled monstrosity (Zot:5)
  An Orb Guardian (Zot:5)
  A storm dragon (Zot:5)
  2 emperor scorpions (Spider:1)
  An entropy weaver (Spider:1)
  2 hydras (Swamp:4)
  An alligator (Swamp:4)
  A swamp dragon (Swamp:4)
  A wolf spider (Spider:3)
  An orb spider (Spider:1)
  2 demonic crawlers (Spider:1)
  A jumping spider (Spider:1)
  A redback (Spider:1)
20 creatures vanquished.

Vanquished Creatures (others)
  A lich (Depths:1)
  A fire giant (Depths:4)
  A ghost moth (Zot:1)
  A spriggan (Swamp:1)
  2 orb spiders (Spider:4)
  A hornet (Swamp:1)
  A redback (Spider:4)
  A swamp worm (Swamp:4)
  A swamp drake (Depths:5)
  An orc wizard (Orc:2)
  A bush (Lair:4)
  81 fungi
  156 plants
  2 starspawn tentacles (Abyss:2)
  4 toadstools (Swamp:1)
255 creatures vanquished.

Grand Total: 2569 creatures vanquished

Notes
Turn   | Place    | Note
-------+----------+-------------------------------------------
     0 | D:1      | looop the Deep Dwarf Fighter began the quest for the Orb.
     0 | D:1      | Reached XP level 1. HP: 20/20 MP: 1/1
   122 | D:1      | Reached XP level 2. HP: 14/27 MP: 2/2
   253 | D:1      | Reached skill level 3 in Fighting
   634 | D:2      | Reached XP level 3. HP: 28/34 MP: 3/3
   715 | D:2      | Noticed Robin
   750 | D:2      | Killed Robin
   752 | D:2      | Reached XP level 4. HP: 21/42 MP: 4/4
   829 | D:2      | Found a white marble altar of Elyvilon.
  1320 | D:3      | Reached skill level 5 in Axes
  1320 | D:3      | Reached XP level 5. HP: 47/50 MP: 5/5
  1595 | D:3      | Reached skill level 4 in Fighting
  1944 | D:4      | Noticed Sigmund
  1961 | D:4      | Reached XP level 6. HP: 49/57 MP: 6/6
  1995 | D:4      | Killed Sigmund
  2107 | D:4      | Found an ornate altar of the Wu Jian Council.
  2142 | D:4      | Found a staircase to the Ecumenical Temple.
  2176 | Temple   | Entered the Ecumenical Temple
  2262 | Temple   | Became a worshipper of Makhleb the Destroyer
  2309 | D:4      | Reached XP level 7. HP: 36/66 MP: 7/7
  2426 | D:4      | Found Epautt's Armour Boutique.
  2538 | D:5      | Entered Level 5 of the Dungeon
  2538 | D:5      | Noticed Pikel
  2546 | D:5      | Killed Pikel
  2546 | D:5      | Reached skill level 5 in Fighting
  2567 | D:5      | Reached XP level 8. HP: 40/74 MP: 8/8
  2728 | D:5      | Reached skill level 1 in Invocations
  2728 | D:5      | Reached skill level 1 in Evocations
  3026 | D:5      | Reached * piety under Makhleb
  3156 | D:6      | Reached skill level 5 in Shields
  3305 | D:6      | Gained mutation: You passively map the area around you.
                  | [Deep Dwarf growth]
  3305 | D:6      | Reached XP level 9. HP: 40/82 MP: 11/11
  3497 | D:6      | Found a sacrificial altar of Ru.
  3593 | D:6      | Found a radiant altar of Vehumet.
  3894 | D:7      | Reached ** piety under Makhleb
  3974 | D:7      | Reached skill level 6 in Fighting
  4156 | D:7      | Found a basalt altar of Yredelemnul.
  4186 | D:7      | Reached skill level 5 in Invocations
  4186 | D:7      | Reached skill level 5 in Evocations
  4676 | D:7      | Found a hazy altar of Hepliaklqana.
  5190 | D:7      | Reached skill level 10 in Axes
  5444 | D:7      | Reached XP level 10. HP: 60/90 MP: 14/14
  5505 | D:8      | Noticed a two-headed ogre
  5514 | D:8      | Killed a two-headed ogre
  5517 | D:8      | Reached skill level 5 in Armour
  5527 | D:8      | Reached *** piety under Makhleb
  5546 | D:8      | Reached skill level 5 in Dodging
  5576 | D:8      | Found a staircase to the Lair.
  5680 | D:8      | Found Ureriat's Armour Emporium.
  5705 | D:8      | Reached skill level 7 in Fighting
  6179 | D:8      | Noticed Joseph
  6202 | D:8      | Killed Joseph
  6237 | D:8      | Found a bloodstained altar of Trog.
  6463 | D:9      | Reached **** piety under Makhleb
  6547 | D:9      | Reached XP level 11. HP: 55/100 MP: 13/13
  6884 | D:9      | Found Gisy's Armour Emporium.
  7317 | D:10     | Entered Level 10 of the Dungeon
  7398 | D:10     | Reached ***** piety under Makhleb
  8024 | D:10     | Noticed an unseen horror
  8032 | D:10     | Killed an unseen horror
  8032 | D:10     | Reached skill level 8 in Fighting
  8071 | D:10     | Noticed a two-headed ogre
  8078 | D:10     | Killed a two-headed ogre
  8769 | D:11     | Noticed Harold
  8785 | D:11     | Killed Harold
  8967 | D:11     | Noticed a two-headed ogre
  8975 | D:11     | Killed a two-headed ogre
  8987 | D:11     | Reached XP level 12. HP: 99/111 MP: 15/15
  9072 | D:11     | Found a staircase to the Orcish Mines.
  9426 | Lair:1   | Entered Level 1 of the Lair of Beasts
  9915 | Lair:1   | Found a white marble altar of Elyvilon.
 10498 | Lair:2   | Noticed an eight-headed hydra
 10509 | Lair:2   | Killed an eight-headed hydra
 10568 | Lair:2   | Found a staircase to the Swamp.
 10595 | Lair:2   | Noticed a five-headed hydra
 10614 | Lair:2   | Killed a five-headed hydra
 10685 | Lair:2   | Noticed Urug
 10692 | Lair:2   | Killed Urug
 10738 | Lair:2   | Found a hole to the Spider Nest.
 10883 | Lair:2   | Noticed a minotaur
 10919 | Lair:2   | Noticed a catoblepas
 10975 | Lair:2   | Noticed Xudgha's ghost (journeyman MiFi)
 10997 | Lair:2   | Found a runed translucent gate.
 10998 | Lair:2   | Found a runed translucent gate.
 10999 | Lair:2   | Found a runed translucent gate.
 11310 | Lair:3   | Noticed a death yak
 11322 | Lair:3   | Killed a death yak
 11327 | Lair:3   | Noticed a death yak
 11327 | Lair:3   | Noticed a death yak
 11327 | Lair:3   | Noticed a death yak
 11327 | Lair:3   | Noticed a death yak
 11343 | Lair:3   | Killed a death yak
 11344 | Lair:3   | Killed a death yak
 11344 | Lair:3   | Reached skill level 9 in Fighting
 11351 | Lair:3   | Killed a death yak
 11454 | Lair:3   | Reached ****** piety under Makhleb
 11517 | Lair:3   | Reached XP level 13. HP: 85/121 MP: 17/17
 13186 | Lair:5   | Found a staircase to the Slime Pits.
 13190 | Lair:5   | Noticed Sonja
 13230 | Lair:4   | Reached skill level 15 in Axes
 13230 | Lair:4   | Reached skill level 10 in Invocations
 13234 | Lair:4   | Reached skill level 10 in Evocations
 13323 | Lair:5   | Killed Sonja
 13687 | Lair:5   | Gained mutation: You resist negative energy. (rN+) [Deep
                  | Dwarf growth]
 13687 | Lair:5   | Reached XP level 14. HP: 130/130 MP: 18/18
 14062 | Lair:6   | Entered Level 6 of the Lair of Beasts
 14083 | Lair:6   | Reached skill level 10 in Fighting
 14087 | Lair:6   | Reached skill level 10 in Armour
 14101 | Lair:6   | Reached skill level 10 in Dodging
 14303 | Lair:6   | Found a sparkling altar of Nemelex Xobeh.
 14743 | Lair:6   | Got an iridescent great sword
 14744 | Lair:6   | Identified the cursed +3 great sword of Autumn {vorpal,
                  | *Drain Str+5 Int+3} (You found it on level 6 of the Lair of
                  | Beasts)
 14821 | Lair:6   | Noticed Josephine
 14825 | Lair:6   | Reached skill level 11 in Fighting
 14840 | Lair:6   | Killed Josephine
 15395 | D:12     | Found Busuh's Antique Armour Shoppe.
 15403 | D:12     | Bought a pair of embroidered boots for 180 gold pieces
 15421 | D:12     | Bought a pair of glowing boots for 180 gold pieces
 15434 | D:12     | Bought a pair of glowing boots for 180 gold pieces
 15439 | D:12     | Identified a +1 pair of boots of running (You bought it in
                  | a shop on level 12 of the Dungeon)
 15833 | D:13     | Reached XP level 15. HP: 97/141 MP: 18/18
 15940 | D:13     | Found a portal to a secret trove of treasure.
 16047 | D:13     | Found Urghyer's Book Shoppe.
 16070 | D:13     | Found a gate leading to a gauntlet.
 16092 | Gauntlet | Entered a Gauntlet
 16092 | Gauntlet | Found a transporter.
 16092 | Gauntlet | Found a transporter.
 16092 | Gauntlet | Found a runed translucent door.
 16092 | Gauntlet | Found a runed translucent door.
 16100 | Gauntlet | Found a transporter.
 16104 | Gauntlet | Found a transporter.
 16112 | Gauntlet | Found a transporter.
 16116 | Gauntlet | Found a transporter.
 16124 | Gauntlet | Found a transporter.
 16140 | Gauntlet | Found a transporter.
 16157 | Gauntlet | Found a transporter.
 16158 | Gauntlet | Found a transporter.
 16166 | Gauntlet | Found a transporter.
 16170 | Gauntlet | Found a transporter.
 16290 | Gauntlet | Got a coiled bone ring
 16292 | Gauntlet | Identified the ring "Qojog" {MR+ Int+6 Stlth+} (You found
                  | it in a Gauntlet)
 16330 | Gauntlet | Got a crude brass ring
 16332 | Gauntlet | Identified the ring of Descent {rC+ Str+6} (You found it in
                  | a Gauntlet)
 16361 | Gauntlet | Identified Peufev Cywo's Papyrus of Execration and Earth
 16726 | D:14     | Noticed Rupert
 16742 | D:14     | Killed Rupert
 16826 | D:14     | Found a basalt altar of Yredelemnul.
 16886 | D:14     | Found a shimmering altar of Xom.
 17151 | D:14     | Found a gate to the Vaults.
 17164 | D:14     | Reached skill level 12 in Fighting
 17402 | D:15     | Entered Level 15 of the Dungeon
 17900 | D:15     | Identified a scroll of acquirement
 17901 | D:15     | Acquired a +3 broad axe of venom
 18083 | D:15     | Found a staircase to the Depths.
 18299 | D:8      | Bought a +2 cloak of poison resistance for 203 gold pieces
 18395 | D:9      | Reached XP level 16. HP: 107/154 MP: 19/19
 18536 | Swamp:1  | Entered Level 1 of the Swamp
 18542 | Swamp:1  | Noticed Jorgrun
 18557 | Swamp:1  | Killed Jorgrun
 18761 | Swamp:1  | Noticed a thorn hunter
 18769 | Swamp:1  | Killed a thorn hunter
 18933 | Swamp:1  | Noticed Kirke
 18943 | Swamp:1  | Reached skill level 13 in Fighting
 18952 | Swamp:1  | Killed Kirke
 19546 | Swamp:2  | Noticed a thorn hunter
 19560 | Swamp:2  | Killed a thorn hunter
 19622 | Swamp:2  | Got an encrusted plate armour
 19633 | Swamp:2  | Identified the +3 plate armour of the Shining Light
                  | {*Corrode rElec rPois rC+} (You found it on level 2 of the
                  | Swamp)
 20776 | Swamp:4  | Entered Level 4 of the Swamp
 21021 | Swamp:4  | Reached XP level 17. HP: 165/165 MP: 20/20
 21028 | Swamp:4  | Noticed the 27-headed Lernaean hydra
 21047 | Swamp:4  | Killed the 27-headed Lernaean hydra
 21095 | Swamp:4  | Reached skill level 14 in Fighting
 21188 | Swamp:4  | Got a decaying rune of Zot
 21785 | Spider:1 | Entered Level 1 of the Spider Nest
 21785 | Spider:1 | Identified the cursed +0 kite shield of the End {*Contam
                  | rF+ rC+ Dex+6}
 21785 | Spider:1 | Noticed Asterion
 21802 | Lair:2   | Killed Asterion
 22008 | Orc:1    | Entered Level 1 of the Orcish Mines
 22205 | Orc:1    | Cast into level 1 of the Abyss (chaos spawn)
 22411 | Orc:1    | Escaped the Abyss
 22551 | Orc:2    | Entered Level 2 of the Orcish Mines
 22551 | Orc:2    | Found a staircase to the Elven Halls.
 22583 | Orc:2    | Found Xuikhliz's Distillery.
 22784 | Orc:2    | Found Ekoh's Jewellery Shoppe.
 22886 | Orc:2    | Found Honuo's Book Emporium.
 23131 | Orc:2    | Found Jeaso's Book Boutique.
 23161 | Orc:2    | Found Leexzubb's Magic Scroll Shop.
 23168 | Orc:2    | Bought a scroll of blinking for 97 gold pieces
 23168 | Orc:2    | Bought a scroll of vulnerability for 97 gold pieces
 23168 | Orc:2    | Bought a scroll of enchant weapon for 97 gold pieces
 23168 | Orc:2    | Bought a scroll of blinking for 97 gold pieces
 23184 | Orc:2    | Found a radiant altar of Vehumet.
 23184 | Orc:2    | Noticed Erolcha
 23191 | Orc:2    | Killed Erolcha
 23203 | Orc:2    | Found Veprioh's Gadget Boutique.
 23209 | Orc:2    | Noticed Nergalle
 23216 | Orc:2    | Killed Nergalle
 23221 | Orc:2    | Found an ancient bone altar of Kikubaaqudgha.
 23231 | Orc:2    | Bought a condenser vane (2/2) for 340 gold pieces
 23231 | Orc:2    | Bought a lightning rod (4/4) for 680 gold pieces
 23267 | Orc:2    | Found a roughly hewn altar of Beogh.
 23287 | Orc:2    | Found Usycke's Antique Armour Shop.
 24854 | Spider:2 | Gained mutation: You passively map a large area around you.
                  | [Deep Dwarf growth]
 24854 | Spider:2 | Reached XP level 18. HP: 108/176 MP: 21/21
 24884 | Spider:2 | Noticed Arachne
 24899 | Spider:2 | Killed Arachne
 25017 | Spider:2 | Noticed Aizul
 25040 | Spider:2 | Killed Aizul
 25398 | Spider:3 | Noticed Mara
 25432 | Spider:3 | Noticed looop's illusion
 25449 | Spider:3 | Noticed looop's illusion
 25453 | Spider:3 | Killed Mara
 25453 | Spider:3 | Reached skill level 10 in Shields
 25754 | Spider:3 | Noticed Donald
 25771 | Spider:3 | Killed Donald
 26672 | Spider:3 | Noticed Nikola
 26698 | Spider:3 | Killed Nikola
 26918 | Spider:4 | Entered Level 4 of the Spider Nest
 27295 | Spider:4 | Acquired the +7 plate armour "Hiqujuof" {Rampage rElec
                  | rPois Dex-5}
 27549 | Spider:4 | Identified the +0 cloak "Tonotausch" {Dex+4} (You found it
                  | on level 4 of the Spider Nest)
 27929 | Spider:4 | Noticed Louise
 27949 | Spider:4 | Killed Louise
 27965 | Spider:4 | Got a gossamer rune of Zot
 28329 | Vaults:1 | Entered Level 1 of the Vaults
 28547 | Vaults:1 | Reached XP level 19. HP: 161/183 MP: 24/24
 29076 | D:12     | Bought the +3 warlock's mirror {reflect} for 960 gold
                  | pieces
 29076 | D:12     | Found the +3 warlock's mirror {reflect}
 29831 | Vaults:2 | Noticed a bone dragon
 29854 | Vaults:2 | Killed a bone dragon
 29858 | Vaults:2 | Found a staircase to the Crypt.
 30975 | Vaults:3 | Reached skill level 15 in Fighting
 31050 | Vaults:3 | You fall into a shaft and drop 1 floor!
 31131 | Vaults:4 | Reached skill level 15 in Invocations
 31244 | Vaults:4 | Noticed a lich
 31260 | Vaults:4 | Killed a lich
 31284 | Vaults:4 | Reached XP level 20. HP: 184/194 MP: 26/26
 31736 | Vaults:4 | Reached skill level 15 in Evocations
 31795 | Vaults:4 | Reached skill level 15 in Dodging
 31800 | Vaults:4 | Reached skill level 15 in Armour
 32359 | Vaults:5 | Entered Level 5 of the Vaults
 32703 | Vaults:3 | Reached skill level 16 in Fighting
 32720 | Vaults:3 | Found a sacrificial altar of Ru.
 32951 | Vaults:3 | Noticed Bai Suzhen
 32970 | Vaults:3 | Killed Bai Suzhen
 32970 | Vaults:3 | Reached XP level 21. HP: 205/205 MP: 27/27
 33425 | Vaults:3 | Found Zicraceh's Assorted Antiques.
 33703 | Vaults:5 | Found the +18 shield of the Gong {rElec rN+ MR+ EV-5}
 33703 | Vaults:5 | Found the +0 sword of Power
 33789 | Vaults:5 | Identified the ring of Bom Wuhe {Ice rPois MR+ SInv}
 34035 | Vaults:5 | Noticed an ancient lich
 34053 | Vaults:5 | Killed an ancient lich
 34053 | Vaults:5 | Reached skill level 15 in Shields
 34145 | Vaults:5 | Reached XP level 22. HP: 198/213 MP: 28/28
 34174 | Vaults:5 | Got a silver rune of Zot
 34308 | Vaults:5 | Identified the +7 ring mail "Unukair" {+Fly rF- Str+3
                  | Int+3}
 34407 | Vaults:5 | Identified the cursed +0 broad axe of Chance {flame, +Rage}
 34619 | Vaults:5 | Identified the cursed +1 hand crossbow "Juyzudip" {freeze,
                  | Fragile +Inv rF+++ rC++ Int-5}
 34661 | Vaults:5 | Noticed a golden dragon
 34668 | Vaults:5 | Reached skill level 17 in Fighting
 34686 | Vaults:5 | Killed a golden dragon
 34866 | Vaults:5 | Identified the Tome of Morality
 35156 | Vaults:5 | Identified the amulet "Bikluihi" {Faith rN++ Int+3 Dex-5}
                  | (You found it on level 5 of the Vaults)
 35243 | Vaults:5 | Identified the +1 robe "Edeh" {rF- Str+8 Int-2 Slay+3 SInv}
 35435 | Depths:1 | Entered Level 1 of the Depths
 35488 | Depths:1 | Reached skill level 18 in Fighting
 35815 | Depths:1 | Found a gateway to Hell.
 35846 | Depths:1 | Found Zuenatur's General Store.
 36301 | Depths:1 | Reached skill level 19 in Fighting
 36551 | Depths:2 | Reached XP level 23. HP: 216/232 MP: 29/29
 37112 | Depths:2 | Acquired 693 gold pieces
 37133 | Depths:2 | Reached skill level 20 in Fighting
 37415 | Orc:2    | Bought a runed crystal plate armour for 2822 gold pieces
 37842 | Depths:2 | Noticed a caustic shrike
 37856 | Depths:2 | Killed a caustic shrike
 37861 | Depths:2 | Identified the +6 ring mail "Jikim" {MR+ Regen+} (You found
                  | it on level 2 of the Depths)
 38937 | Depths:3 | Found a one-way gate leading to the halls of Pandemonium.
 39051 | Depths:4 | Noticed a caustic shrike
 39131 | Depths:4 | Killed a caustic shrike
 39166 | Depths:4 | Reached XP level 24. HP: 246/246 MP: 29/29
 39192 | Depths:4 | Identified the cursed +0 plate armour of the Distant Future
                  | {Dex+4} (You found it on level 4 of the Depths)
 39466 | Depths:4 | Found a one-way gate to the infinite horrors of the Abyss.
 39703 | Depths:4 | Found Digeshably's Jewellery Emporium.
 39703 | Depths:4 | Found Zysace's Gadget Shop.
 39704 | Depths:4 | Found Fugroj's Jewellery Emporium.
 39786 | Depths:4 | Found a gateway to a ziggurat.
 40082 | Depths:5 | Entered Level 5 of the Depths
 40202 | Depths:5 | Noticed Xtahua
 40215 | Depths:5 | Killed Xtahua
 40339 | Depths:5 | Noticed a juggernaut
 40353 | Depths:5 | Killed a juggernaut
 40854 | Depths:1 | Bought a scroll of enchant armour for 97 gold pieces
 40959 | D:13     | You paid a toll of +2 gold dragon scales to enter a
                  | treasure trove
 40960 | Trove    | Entered a treasure trove
 40967 | Trove    | Got a warped steel amulet
 40971 | Trove    | Got a pitted marble ring
 40978 | Trove    | Got a crude lead ring
 40980 | Trove    | Got an ancient amber ring
 41000 | Trove    | Got a bound iron ring
 41001 | Trove    | Identified the ring of Wynteraj {rF- AC+4 Str+3 Dex+4} (You
                  | found it in a treasure trove)
 41021 | D:13     | Identified the ring "Xismoo" {rF+ rC+ rN+ MP+9} (You found
                  | it in a treasure trove)
 41023 | D:13     | Identified the ring of Departure {+Fly rPois rC- Dex+2
                  | Stlth+} (You found it in a treasure trove)
 41025 | D:13     | Identified the ring "Poataery" {rF+ rC+} (You found it in a
                  | treasure trove)
 41041 | D:13     | Identified the amulet "Ziuts" {Acrobat rF- Int+8 SInv} (You
                  | found it in a treasure trove)
 41234 | Depths:5 | Found the +4 moon troll leather armour {Spirit, Regen++
                  | MP+5}
 41405 | Depths:5 | Found a gate to the Realm of Zot.
 41466 | Depths:5 | Reached skill level 21 in Fighting
 41751 | Vaults:3 | Bought a scroll of enchant armour for 225 gold pieces
 42162 | Zot:1    | Entered Level 1 of the Realm of Zot
 42890 | Zot:2    | Reached XP level 25. HP: 256/256 MP: 26/29
 43742 | Zot:5    | Entered Level 5 of the Realm of Zot
 43854 | Zot:5    | Found Ges Vyza's Changing Room.
 43955 | Zot:5    | Noticed an ancient lich
 43987 | Zot:5    | Killed an ancient lich
 44040 | Zot:5    | Noticed an ancient lich
 44040 | Zot:5    | Noticed an ancient lich
 44057 | Zot:5    | Noticed a Killer Klown
 44060 | Zot:5    | Killed an ancient lich
 44060 | Zot:5    | Noticed a juggernaut
 44060 | Zot:5    | a Killer Klown changed into a juggernaut
 44061 | Zot:5    | Killed an ancient lich
 44065 | Zot:5    | Noticed an orb of fire
 44065 | Zot:5    | Noticed an orb of fire
 44068 | Zot:5    | Noticed a Killer Klown
 44079 | Zot:5    | Killed an orb of fire
 44087 | Zot:5    | Killed a juggernaut
 44089 | Zot:5    | Killed an orb of fire
 44107 | Zot:5    | Killed a Killer Klown
 44126 | Zot:5    | Reached XP level 26. HP: 268/268 MP: 29/29
 44201 | Zot:5    | Got the Orb of Zot
 44246 | Zot:5    | Noticed Qapoyrch the pandemonium lord
 44581 | Depths:2 | Noticed Zunluhup the pandemonium lord
 44690 | D:10     | Reached skill level 22 in Fighting
 44951 | D:$      | Escaped with the Orb!

Illustrated notes

Levels and vault maps discovered:
D:1:      tarquinn_simple_flora_water_a, layout_basic
D:2:      minmay_angry_zag, layout_basic, elyvilon_altar_3, uniq_robin
D:3:      layout_basic
D:4:      layout_rooms, nicolae_overflow_crystal_walls, temple_pool_b,
          serial_shops, shop, minmay_small_thing, uniq_sigmund
D:5:      layout_rooms, uniq_pikel
D:6:      layout_gridville, kennysheep_mini_moat, vehumet_altar_wand_db,
          roderic_serpentine_path
D:7:      minmay_clustersquares, layout_layer_cave, lemuel_doored_altar,
          lemuel_mausoleum_altar_yredelemnul
D:8:      layout_basic, lightli_temple_of_fire, due_lair_maze_entry_diamond,
          serial_shops, shop, serial_bayou_ford_a, corexii_leaking_fountain,
          uniq_joseph
D:9:      wad_woods_minihive, layout_rooms, serial_shops, shop,
          minmay_misc_feat_cross, skrybe_limestone_x
D:10:     layout_layer_cave, billiards_dpeg
D:11:     layout_basic, erik_orc_1, uniq_harold
D:12:     layout_loops_ring, serial_shops, nicolae_shop_crystal, drop_trap
D:13:     layout_cave_pools, enter_trove_5, gauntlet_entry_generic,
          serial_shops, shop
D:14:     layout_loops_ring, lightli_vaults_fourway_checkpoint,
          hangedman_abyss_or_decor_stagger, hangedman_feature_mirror,
          minmay_misc_feat_more_columns, minmay_unpleasant_kobolds, uniq_rupert
D:15:     grunt_enter_depths_snipers, layout_irregular_city, glass_columns_a
Temple:   compressed_dpeg_circular_temple
Lair:1:   layout_regular_city, lemuel_centaur_altar, infiniplex_staircase_pool
Lair:2:   layout_roguey, swamp_mist_pool, nicolae_spider_entry_orb_guardian,
          maelrawn_ghost_gauntlet_escape, uniq_urug
Lair:3:   layout_chaotic_city, minivault_19, beast_lair_carwin_5
Lair:4:   layout_roguey [special_room_mythical_zoo],
          nicolae_lair_grove_arrangements, roderic_carrion_pond
Lair:5:   cheibrodos_lair_river_kwai, layout_loops_ring,
          minmay_slime_entry_pillars, uniq_sonja
Lair:6:   minmay_lair_end_frog_pond, layout_loops_ring, basic_altar,
          special_room [special_room_mythical_zoo],
          chequers_serial_rivers_marsh, uniq_josephine
Swamp:1:  cheibrodos_swamp_tower_of_moss, layout_falls_marsh,
          evilmike_swamp_ruin_rubble_2, uniq_jorgrun, uniq_kirke
Swamp:2:  layout_falls_marsh, serial_swamp_ruin, evilmike_swamp_ruin_wall,
          evilmike_swamp_ruin_house_5
Swamp:3:  layout_basic_swamp, hangedman_swamp_pad
Swamp:4:  swamp_old_school, layout_basic_swamp, swamp_pool3
Spider:1: nicolae_spider_corner, uniq_asterion
Spider:2: layout_spider_delve, uniq_aizul, uniq_arachne
Spider:3: layout_chambers, nicolae_crawler_farm, uniq_donald, uniq_mara,
          uniq_nikola
Spider:4: grunt_spider_rune_circles, nicolae_spider_cling_ruins, uniq_louise
Orc:1:    layout_caves, nicolae_orc_rockfall
Orc:2:    kennysheep_orc_mage_school, layout_diamond_mine, serial_shops, shop,
          shop, shop
Vaults:1: ontoclasm_vaults_ring_small, vaults_room_door_ring, st_squares,
          vaults_room_hallway, nicolae_vaults_ring_of_whatevers,
          nicolae_vaults_little_ls, hangedman_vaults_stretched_pinwheel,
          layout_vaults_chaotic_city
Vaults:2: v_misc_4, minmay_crypt_entry_nasty_monster,
          nicolae_vaults_big_angled_halls, vaults_mumra_chevron,
          grunt_vaults_hallway_short, v_misc_11, ontoclasm_vaults_twist,
          hangedman_vaults_restitches, vaults_room_pools,
          vaults_room_ringed_pool, hangedman_vaults_corner,
          layout_vaults_omnibox
Vaults:3: grunt_vaults_hallway_short, vaults_room_fancy_cross,
          dpeg_vaults_monster_box, dpeg_vaults_monster_row,
          ontoclasm_vaults_fault, st_lines, nicolae_vaults_network_s, v_misc_2,
          ontoclasm_vaults_shuriken, vaults_room_fours, grunt_vaults_focal,
          layout_vaults_maze_snakey, serial_shops, nicolae_shop_stone,
          basic_altar, uniq_bai_suzhen
Vaults:4: nicolae_vaults_network_star, ontoclasm_vaults_shout,
          nicolae_vaults_network_square, ontoclasm_vaults_hangar,
          vaults_mumra_minichess_inversion, v_misc_33,
          vaults_room_grunt_arrival_checkpoint, ontoclasm_vaults_hangar,
          nicolae_vaults_little_squares_5, v_alt_pattern_3,
          nicolae_vaults_little_squares_4, v_misc_11, vaults_dpeg_encased_lava,
          layout_vaults_omnicross
Vaults:5
Depths:1: nicolae_legendary_halls, layout_basic, hell_entry, serial_shops, shop,
          st_stairs_6, kennysheep_generic_room_9
Depths:2: minmay_the_grid_octo_tiled_octocenter_mashed
          [minmay_the_grid_octo_horde, minmay_the_grid_octo_fan_narrow,
          minmay_the_grid_octo_empty, minmay_the_grid_octo_checkered,
          minmay_the_grid_octo_prize_single_spiral,
          minmay_the_grid_square_5x5_mess, minmay_the_grid_square_5x5_forky,
          minmay_the_grid_square_5x5_bracketed,
          minmay_the_grid_square_5x5_two_walls_b], layout_long_grid, hell_entry,
          wad_mini_maze
Depths:3: minmay_connected_boxes_in_corner, layout_cave_pools, hell_entry,
          minmay_misc_feat_secret_circle, rand_demon_pan_entry_5,
          minmay_misc_feat_chi
Depths:4: gammafunk_mikee_crab_dinner, layout_cave_shapes, enter_ziggurat_b,
          kennysheep_nub, abyss_entry, hangedman_coc_ice_floe,
          hangedman_decor_clover_reticule, minivault_12,
          minmay_staircase_windowed_small, minmay_shop_grove
Depths:5: lemuel_castle_with_subvaults [lemuel_castle_interior_carwin_2],
          layout_cave_pools, hangedman_geh_valley,
          chequers_serial_rivers_large_a, uniq_xtahua
Zot:1:    layout_misc_corridors
Zot:2:    grunt_zot_stairs_overgrown, layout_basic
Zot:3:    layout_gridlike
Zot:4:    kennysheep_blocky_hall, layout_cathedral_of_symmetry
Zot:5:    layout_misc_corridors, nicolae_transmutations_shop, st_stairs_6

Skill      XL: |  1  2  3  4  5  6  7  8  9 10 11 12 13 14 15 16 17 18 19 20 21 22 23 24 25 26 |
---------------+-------------------------------------------------------------------------------+-----
Axes           | 3 4 5 6 8 9 10 11 12 14 15 16 17 18 19 20 | 20.0
Fighting       | 3 4 5 6 7 8 9 11 12 13 14 15 16 19 20 21 22 | 22.0
Dodging        | 2 3 4 6 7 8 9 11 12 13 14 16 17 18 19 20 21 | 21.0
Shields        | 4 5 6 7 9 12 13 15 16 17 18 19 | 19.1
Invocations    | 3 5 6 8 10 11 13 15 | 15.0
Evocations     | 3 5 6 8 10 11 13 14 15 | 15.0
Armour         | 4 6 7 8 9 11 12 13 14 16 17 18 19 20 21 | 21.0

Action                   |  1- 3 |  4- 6 |  7- 9 | 10-12 | 13-15 | 16-18 | 19-21 | 22-24 | 25-27 || total
-------------------------+-------+-------+-------+-------+-------+-------+-------+-------+-------++-------
Melee: War axe           |   119 |   212 |   506 |   211 |       |       |       |       |       ||  1048
       Hand axe          |       |       |       |   441 |       |       |       |       |       ||   441
       Battleaxe         |       |       |       |   255 |   959 |   577 |       |       |       ||  1791
       Morningstar       |       |       |       |    17 |    67 |   114 |       |       |       ||   198
       Broad axe         |       |       |       |       |       |   757 |  1340 |  1390 |   561 ||  4048
Invok: Minor Destruction |       |       |       |     1 |       |       |       |       |       ||     1
       Greater Servant o |       |       |       |       |       |     6 |     1 |       |     4 ||    11
 Abil: Heal Wounds       |     1 |     2 |     6 |     9 |     3 |     4 |       |     1 |     4 ||    30
Evoke: Wand              |       |       |     6 |    16 |    20 |    21 |     5 |     1 |     1 ||    70
       Condenser vane    |       |       |       |       |       |     6 |     3 |     3 |       ||    12
       Lightning rod     |       |       |       |       |       |       |       |     3 |       ||     3
  Use: Potion            |       |     1 |       |     1 |       |     4 |     1 |     1 |     5 ||    13
       Scroll            |       |       |       |    21 |    19 |    12 |     4 |    19 |     4 ||    79
 Stab: Paralysed         |       |       |       |       |       |     1 |       |     3 |       ||     4
       Distracted        |       |       |       |       |       |     4 |       |     1 |       ||     5
       Confused          |       |       |       |       |       |     1 |     1 |       |       ||     2
Armor: Scale mail        |    63 |   129 |    33 |       |       |       |       |       |       ||   225
       Chain mail        |       |       |   132 |   316 |       |       |       |       |       ||   448
       Plate armour      |       |       |       |   165 |   738 |  1345 |   512 |   490 |       ||  3250
       Gold dragon scale |       |       |       |       |       |       |       |    75 |   256 ||   331
Dodge: Dodged            |    50 |    93 |   129 |   414 |   836 |  1297 |   538 |   666 |   254 ||  4277
Block: Kite shield       |    82 |   131 |   213 |   441 |       |   620 |    46 |       |       ||  1533
       Reflection        |       |       |       |     7 |       |     5 |    74 |   108 |    42 ||   236
       Buckler           |       |       |       |       |       |       |   529 |   943 |   431 ||  1903

Table legend: (Time is in decaauts)
 A = Elapsed time spent in this place.
 B = Non-inter-level travel time spent in this place.
 C = Inter-level travel time spent in this place.
 D = Time resting spent in this place.
 E = Time spent auto-exploring this place.
 F = Levels seen in this place.
 G = Mean time per level.
                   A        B        C        D        E       F      G
               +--------+--------+--------+--------+--------+-----+--------+
         Total |  41958 |  36589 |   5369 |   1083 |  22879 |  51 |  822.7 |
       Dungeon |  13807 |  11447 |   2360 |    135 |   7236 |  15 |  920.5 |
        Temple |    106 |     75 |     31 |      0 |     74 |   1 |  106.0 |
          Lair |   5843 |   5135 |    708 |     90 |   3603 |   6 |  973.8 |
         Swamp |   3148 |   2971 |    177 |      0 |   2142 |   4 |  787.0 |
   Spider Nest |   4020 |   3697 |    323 |    653 |   1787 |   4 | 1005.0 |
  Orcish Mines |   1326 |   1006 |    320 |      0 |    679 |   2 |  663.0 |
        Vaults |   6088 |   5546 |    542 |    134 |   3331 |   5 | 1217.6 |
        Depths |   5188 |   4432 |    756 |      2 |   2979 |   5 | 1037.6 |
           Zot |   1932 |   1785 |    147 |     68 |    856 |   5 |  386.4 |
         Abyss |    185 |    185 |      0 |      0 |     92 |   2 |   92.5 |
         Trove |     53 |     53 |      0 |      0 |      0 |   1 |   53.0 |
      Gauntlet |    256 |    256 |      0 |      0 |     97 |   1 |  256.0 |
               +--------+--------+--------+--------+--------+-----+--------+

Top non-repeatable levels by time:
     D:7: 1743 daAuts
Spider:3: 1568 daAuts
Vaults:5: 1387 daAuts
Vaults:4: 1322 daAuts
     D:9: 1283 daAuts
    D:11: 1276 daAuts
    D:10: 1208 daAuts
     D:8: 1207 daAuts
Vaults:1: 1192 daAuts
Depths:5: 1186 daAuts
Spider:1: 1102 daAuts
Vaults:3: 1101 daAuts
  Lair:4: 1097 daAuts
  Lair:2: 1086 daAuts
Vaults:2: 1084 daAuts
